 Dungeon Crawl Stone Soup version 0.23.2 (webtiles) character file.

Game seed: 14716971948572487200

371 Menchi the Chopper (level 6, 0/55 HPs)
             Began as a Minotaur Fighter on Apr 8, 2019.
             Slain by Pikel
             ... wielding a +1 whip of freezing
              (8 damage)
             ... while paralysed by Pikel
             ... on level 4 of the Dungeon.
             The game lasted 00:05:29 (2948 turns).

Menchi the Chopper (Minotaur Fighter)               Turns: 2948, Time: 00:05:30

Health: 0/55       AC: 10    Str: 27    XL:     6   Next: 42%
Magic:  5/5        EV:  2    Int:  5    God:
Gold:   159        SH:  0    Dex: 10    Spells: 5/5 levels left

rFire    . . .     SeeInvis .   b - +2 halberd (flame)
rCold    . . .     Gourm    .   (shield currently unavailable)
rNeg     . . .     Faith    .   x - +2 ring mail {rPois}
rPois    +         Spirit   .   (helmet restricted)
rElec    .         Reflect  .   (no cloak)
rCorr    .         Harm     +   (no gloves)
MR       .....                  t - +1 pair of boots
Stlth    ..........             n - amulet of harm
HPRegen  0.18/turn              (no ring)
MPRegen  0.09/turn              (no ring)

@: paralysed, mighty
A: retaliatory headbutt, horns 2
a: no special abilities


You were on level 4 of the Dungeon.
You were not hungry.

You visited 1 branch of the dungeon, and saw 4 of its levels.

You collected 159 gold pieces.

Inventory:

Hand Weapons
 a - a +1 war axe
 b - a +2 halberd of flaming (weapon)
Armour
 t - a +1 pair of boots (worn)
 x - a +2 ring mail of poison resistance (worn)
Jewellery
 n - an amulet of harm (around neck)
Scrolls
 c - 2 scrolls of identify
 m - a scroll of amnesia
 s - a scroll of teleportation {unknown}
 v - a scroll of fear {unknown}
 w - a scroll of magic mapping {unknown}
Potions
 h - a potion of brilliance
 i - a potion of agility {unknown}
 j - 4 potions of heal wounds {unknown}
 l - 2 potions of degeneration {unknown}
 p - a potion of resistance {unknown}
 q - a potion of invisibility {unknown}
Comestibles
 f - 8 rations
 g - 2 chunks of flesh


   Skills:
 * Level 4.9 Fighting
 * Level 6.0 Axes
 * Level 5.1 Armour
 * Level 2.1 Dodging
   Level 3.6 Shields


You had 5 spell levels left.
You didn't know any spells.
Your spell library was empty.

Dungeon Overview and Level Annotations

Branches:
Dungeon (4/15)
 Temple: D:4-7

Altars:
Hepliaklqana

Annotations:
D:4 Pikel


Innate Abilities, Weirdness & Mutations

You reflexively headbutt those who attack you in melee.
You have a pair of horns on your head.


Message History

You are too injured to fight recklessly!
You are too injured to fight recklessly!
You are too injured to fight recklessly!
You are too injured to fight recklessly!
You are too injured to fight recklessly!
You slice the gnoll shaman!! You burn the gnoll shaman.
You kill the gnoll shaman!
Your Axes skill increases to level 6!
The gnoll barely misses you. The gnoll hits you with a +0 flail!
You closely miss the gnoll.
Pikel zaps a wand.
You suddenly lose the ability to move!
The gnoll hits you from afar with a +0 halberd.
The gnoll hits you but does no damage. Pikel hits you but does no damage.
The gnoll hits you from afar with a +0 halberd!
* * * LOW HITPOINT WARNING * * *
Pikel hits you but does no damage. The gnoll barely misses you.
The gnoll hits you from afar with a +0 halberd.
* * * LOW HITPOINT WARNING * * *
Pikel hits you with a +1 whip of freezing!
You die...

### ##........# #...
##.........## #...
###...........#
.#...#####..............
............#............
..#.........##.†........#
.......................#
#....<.#.........####.<
#...##@#####......# ##.
#...#Kg# #......####.
##.##gp####...........##
#.....p.....##..........
#.......g!..###.........
#....[[....... .......
#...........## .......
##..#.#....## ..(....
#..#. .#### #......


You could see Pikel, 2 slaves and 2 gnolls.

Vanquished Creatures
  2 slaves (D:4)
  A scorpion (D:4)
  A gnoll shaman (D:4)
  An orc priest (D:3)
  An orc wizard (D:3)
  Terence (D:2)
  8 gnolls
  4 adders
  An ooze (D:4)
  5 dart slugs
  2 worms (D:2)
  4 orcs (D:3)
  2 ball pythons
  12 giant cockroaches
  4 goblins
  5 hobgoblins
  6 jackals
  2 quokkas
  7 bats
  2 frilled lizards (D:3)
  9 kobolds
  A quokka skeleton (D:4)
  7 rats
88 creatures vanquished.

Notes
Turn   | Place    | Note
-------+----------+-------------------------------------------
     0 | D:1      | Menchi the Minotaur Fighter began the quest for the Orb.
     0 | D:1      | Reached XP level 1. HP: 19/19 MP: 0/0
    66 | D:1      | Reached XP level 2. HP: 23/27 MP: 1/1
   483 | D:1      | Reached skill level 3 in Axes
   907 | D:2      | Reached XP level 3. HP: 25/33 MP: 2/2
  1050 | D:2      | Noticed Terence
  1056 | D:2      | Killed Terence
  1056 | D:2      | Reached skill level 1 in Dodging
  1151 | D:2      | Found a hazy altar of Hepliaklqana.
  1232 | D:2      | Reached XP level 4. HP: 35/40 MP: 3/3
  1328 | D:2      | Reached skill level 4 in Axes
  2015 | D:3      | Reached XP level 5. HP: 42/47 MP: 4/4
  2016 | D:3      | Reached skill level 5 in Axes
  2856 | D:4      | Reached XP level 6. HP: 53/53 MP: 5/5
  2873 | D:4      | Reached skill level 5 in Armour
  2928 | D:4      | Noticed a slave
  2928 | D:4      | Noticed a slave
  2929 | D:4      | Noticed a slave
  2931 | D:4      | Noticed Pikel
  2931 | D:4      | Noticed a slave
  2933 | D:4      | Killed a slave
  2936 | D:4      | Killed a slave
  2945 | D:4      | Reached skill level 6 in Axes
  2946 | D:4      | Paralysed by Pikel for 3 turns
  2948 | D:4      | Slain by Pikel

Skill      XL: |  1  2  3  4  5  6 |
---------------+-------------------+-----
Fighting       | 4 |  4.9
Armour         | 4 5 |  5.1
Axes           | 3 4 5 6 |  6.0
Dodging        | 1 2 |  2.1
Shields        | |  3.6

Action                   |  1- 3 |  4- 6 || total
-------------------------+-------+-------++-------
Melee: War axe           |    62 |    61 ||   123
       Headbutt          |     6 |    19 ||    25
       Halberd           |       |    50 ||    50
  Use: Scroll            |       |     7 ||     7
       Potion            |       |     1 ||     1
  Eat: Chunk             |     1 |     6 ||     7
Armor: Scale mail        |    49 |    20 ||    69
       Ring mail         |       |    18 ||    18
Dodge: Dodged            |    59 |    79 ||   138
